AoeStats
← AiM | CyclopsTron

Arabia

507199333Analyzed
4v4 RM · 14d ago on Sep 17, 2026· 15m 22s· 8 players
Game mode
Random Map
Map size
Large (8 player)
Population
200
Speed
Normal
Resources
Standard
Victory
Conquest
Starting age
Dark Age
Ending age
Imperial Age
RankedLock teamsTeams togetherTeam positionsShared explorationLock speedFull tech treeHidden civsTurbo modeCheats
Victory
Defeat
🇲🇽 Mongols · Mexico
1611
+18
🇲🇽 Magyars · Mexico
1574
+20
🇵🇦 Hindustanis · Panama
1564
+20
🇲🇽 Britons · Mexico
1299
+28
🇲🇽 Magyars · Mexico
1750
-25
🇲🇽 Maya · Mexico
1734
-25
🇲🇽 Franks · Mexico
1655
-22
🇲🇽 Vietnamese · Mexico
1452
-14
AiM | CyclopsTron
0:26 Loom
10:57 Feudal Age
14:49 Fletching
Sad Clown
6:28 Loom
9:10 Feudal Age
10:04 Town Watch
Crosnay
6:01 Loom
8:40 Feudal Age
9:40 Double-Bit Axe
LeBotut
6:35 Loom
9:49 Feudal Age
10:36 Double-Bit Axe
14:40 Forging
hK | Agt. Smith
5:34 Loom
8:14 Feudal Age
9:22 Double-Bit Axe
12:10 Fletching
hK | TwisteR
5:42 Loom
9:07 Feudal Age
Telo Bombeo
6:53 Loom
9:34 Feudal Age
10:07 Double-Bit Axe
HK | Jai Guru Deva
6:51 Loom
9:54 Feudal Age
14:36 Fletching
Connection lost

Rejoining the realm…

Still unreachable

The connection could not be restored.

Session expired

The server has moved on; the page needs a fresh start.